 Dungeon Crawl Stone Soup version 0.20.0-8-g6b59dc7 (webtiles) character file.

225 cereshysteria the Poker (level 5, -16/41 HPs)
             Began as a Demonspawn Monk on May 31, 2017.
             Engulfed by a cloud of flame (24 damage)
             ... on level 4 of the Dungeon.
             The game lasted 00:06:57 (3508 turns).

cereshysteria the Poker (Demonspawn Monk)           Turns: 3508, Time: 00:06:58

Health: -16/41     AC:  7    Str: 11    XL:     5   Next: 68%
Magic:  5/5        EV: 13    Int: 11    God:
Gold:   160        SH:  0    Dex: 17    Spells: 4/4 levels left

rFire    . . .     SeeInvis .   a - +0 spear
rCold    . . .     Gourm    .   (no shield)
rNeg     . . .     Faith    .   b - +0 robe
rPois    .         Spirit   .   (helmet restricted)
rElec    .         Reflect  .   (no cloak)
rCorr    .         Harm     .   (no gloves)
MR       .....                  i - +2 pair of boots
Stlth    ++........             h - amulet of rage
Regen    0.2/turn               (no ring)
MPRegen  0.1/turn               (no ring)

@: no status effects
A: antennae 2, molten scales 1
a: Evoke Berserk Rage


You were on level 4 of the Dungeon.
You were not hungry.

You visited 1 branch of the dungeon, and saw 4 of its levels.

You collected 160 gold pieces.

Inventory:

Hand Weapons
 a - a +0 spear (weapon)
Armour
 b - a +0 robe (worn)
 g - a +0 helmet
 i - a +2 pair of boots (worn)
Jewellery
 h - an amulet of rage (around neck)
Scrolls
 e - a scroll of fear
 f - 6 scrolls of identify
 l - a scroll of teleportation
 n - 3 scrolls of remove curse
Potions
 d - a potion of might {unknown}
 o - a potion of berserk rage {unknown}
 q - a potion of magic {unknown}
 s - a potion of brilliance {unknown}
Books
 k - a book of Maledictions

   Spells                             Type                      Level
   a - Corona                         Hexes                        1
   b - Ensorcelled Hibernation        Hexes/Ice                    2
   c - Confuse                        Hexes                        3
   d - Tukima's Dance                 Hexes                        3
   e - Dazzling Spray                 Conjuration/Hexes            3
Comestibles
 c - a bread ration
 j - a royal jelly
 m - 2 meat rations
 p - 2 fruits


   Skills:
 - Level 3.0 Fighting
 * Level 5.9 Polearms
 - Level 2.6 Dodging
 - Level 1.7 Stealth


You had 4 spell levels left.
You didn't know any spells.

Dungeon Overview and Level Annotations

Branches:
Dungeon (4/15)
 Temple: D:4-7

Altars:
Nemelex Xobeh


Innate Abilities, Weirdness & Mutations

You have a pair of antennae on your head.
You are partially covered in molten scales. (AC +2)


Message History

There are monsters nearby!
Attack whom?
Press: ? - help, Dir - move target cursor, f - jackal
Aim: a jackal (inner flame)
You reach to attack!
You barely miss the jackal. You hit the jackal.
The jackal is severely wounded.
The jackal completely misses you.
You hit the jackal.
The jackal explodes!
The fiery explosion engulfs the jackal.
The jackal explodes!
The fiery explosion engulfs the jackal.
The jackal explodes!
The fiery explosion engulfs you!
Ouch! That really hurt!
* * * LOW HITPOINT WARNING * * *
You are engulfed in blazing flames.
Ouch! That really hurt!
You die...

#######............
........####.###.##
#######.####.# #.##
###.#....##.#.#
####..........# #<
#......#.#####.#..
#.##.#.#.# #.#.
..#####§##.#.#.##
#.#.
.%.§§§§@..........
# ##
#.##§#####.#......
#.###.##. #.# .#
#.# .# #.. ..# ##


There were no monsters in sight!

Vanquished Creatures
  2 hounds (D:4)
  Jessica (D:3)
  A gnoll (D:1)
  4 adders
  2 oozes (D:1)
  3 worms (D:2)
  A dart slug (D:3)
  3 leopard geckos
  An orc (D:4)
  2 ball pythons (D:2)
  5 bats
  2 giant cockroaches
  7 goblins
  6 hobgoblins
  7 jackals
  10 kobolds
  9 frilled lizards
  A quokka skeleton (D:4)
  6 rats
73 creatures vanquished.

Notes
Turn   | Place    | Note
-------+----------+-------------------------------------------
     0 | D:1      | cereshysteria the Demonspawn Monk began the quest for the Orb.
     0 | D:1      | Reached XP level 1. HP: 18/18 MP: 1/1
    45 | D:1      | Reached skill level 3 in Polearms
    94 | D:1      | Gained mutation: You have a pair of small antennae on your head. [demonic ancestry]
    94 | D:1      | Reached XP level 2. HP: 10/24 MP: 2/2
   697 | D:1      | Reached XP level 3. HP: 21/29 MP: 3/3
   823 | D:1      | Reached skill level 4 in Polearms
  1541 | D:2      | Found a sparkling altar of Nemelex Xobeh.
  1636 | D:2      | Gained mutation: You are partially covered in molten scales. (AC +2) [demonic ancestry]
  1636 | D:2      | Reached XP level 4. HP: 33/35 MP: 4/4
  2739 | D:3      | Noticed Jessica
  2756 | D:3      | Killed Jessica
  2756 | D:3      | Reached skill level 5 in Polearms
  3077 | D:3      | Gained mutation: You have a pair of antennae on your head. [demonic ancestry]
  3077 | D:3      | Reached XP level 5. HP: 36/41 MP: 5/5
  3508 | D:4      | Engulfed by a cloud of flame

Skill      XL: |  1  2  3  4 |
---------------+-------------+-----
Polearms       | 3 4 5 |  5.9
Fighting       | |  3.0
Dodging        | |  2.6
Stealth        | |  1.7

Action                   |  1- 3 |  4- 6 || total
-------------------------+-------+-------++-------
Melee: Spear             |   136 |   195 ||   331
 Abil: Evoke Berserk Rag |       |     1 ||     1
  Use: Scroll            |     2 |     4 ||     6
       Potion            |     1 |     1 ||     2
 Stab: Sleeping          |     3 |     3 ||     6
  Eat: Chunk             |     2 |     3 ||     5
       Bread ration      |       |     1 ||     1
Armor: Robe              |    17 |    29 ||    46
Dodge: Dodged            |    63 |    89 ||   152
